 Dungeon Crawl Stone Soup version 0.32-a0-909-gc671339a80 (webtiles) character file.

Game seed: 12853031451005486476

40244 Biggs the Marksgoblin (level 14, 0/113 HPs)
             Began as a Coglin Hunter on Apr 7, 2024.
             Was a High Priest of Hepliaklqana.
             Succumbed to a cane toad's poison
             ... on level 4 of the Lair of Beasts.
             The game lasted 00:24:17 (13068 turns).

Biggs the Marksgoblin (Coglin Hunter)              Turns: 13068, Time: 00:24:17

Health: 0/113      AC:  9    Str:  8 (11) XL:     14   Next: 10%
Magic:  14/14      EV: 15    Int:  7 (10) God:    Hepliaklqana [*****.]
Gold:   1092       SH:  0    Dex: 19 (22) Spells: 13/13 levels left

rFire   . . .        x - +4 hand cannon (freeze) {Huemac}
rCold   + . .        a - +2 sling (flame) {Cortez}
rNeg    . . .        I - +1 leather armour {rC+}
rPois   .            F - +1 helmet
rElec   .            (no cloak)
rCorr   .            (no gloves)
SInv    .            h - +2 pair of boots
Will    +....        (amulet unavailable)
Stlth   ++           (ring unavailable)
HPRegen 0.38/turn    (ring unavailable)
MPRegen 0.14/turn    (no gizmo)

%: no passive effects
@: lethally poisoned (0 -> -14), hasted, invisible, revving, very quick
A: reduced essence, off-hand wielding, slow wielding, warmup strikes, no
jewellery, robust 1, evolution 1
a: Invent Gizmo, Renounce Religion, Recall Ancestor, Ancestor Identity,
Transference, Idealise


You were on level 4 of the Lair of Beasts.
You worshipped Hepliaklqana.
Hepliaklqana was extremely pleased with you.
You visited 4 branches of the dungeon, and saw 21 of its levels.

You collected 1237 gold pieces.
You spent 145 gold pieces at shops.

Inventory:

Hand Weapons
 a - a +2 sling of flaming (offhand) {Cortez}
 d - a +0 sling {Shiptu}
 x - a +4 hand cannon of freezing (weapon) {Huemac}
Missiles
 l - 2 throwing nets
Armour
 h - a +2 pair of boots (worn)
 F - a +1 helmet (worn)
 I - a +1 leather armour of cold resistance (worn)
 J - +0 swamp dragon scales
Wands
 m - a wand of light (13)
 p - a wand of roots (19)
 s - a wand of paralysis (11)
 A - a wand of flame (14)
 H - a wand of polymorph (6)
Scrolls
 b - 2 scrolls of fear
 e - 8 scrolls of identify
 f - 5 scrolls of silence
 g - 2 scrolls of fog
 j - 4 scrolls of revelation
 n - 6 scrolls of vulnerability
 o - 3 scrolls of teleportation
 t - 5 scrolls of noise
 v - 2 scrolls of torment
 y - a scroll of blinking
 B - 3 scrolls of poison
Potions
 q - 3 potions of cancellation
 u - 3 potions of haste
 w - a potion of resistance {unknown}
 z - 3 potions of degeneration
 C - a potion of berserk rage {unknown}
 D - 2 potions of curing {unknown}
 E - 2 potions of might {unknown}
 G - 2 potions of lignification {unknown}


   Skills:
 + Level 11.4 Fighting
 - Level 18.0 Ranged Weapons
 - Level 7.5 Dodging
 - Level 0.7 Stealth
 - Level 5.0 Evocations


You had 13 spell levels left.
You didn't know any spells.
Your spell library contained the following spells:

 Spells                   Type           Power      Damage    Failure   Level
 Freeze                   Ice            0%         1d3       56%         1
 Necrotise                Necr           0%         1d4       56%         1
 Blink                    Tloc           0%         N/A       71%         2
 Lesser Beckoning         Tloc           0%         N/A       71%         2
 Momentum Strike          Conj/Tloc      0%         3d8       71%         2
 Call Canine Familiar     Summ           0%         N/A       90%         3
 Frozen Ramparts          Ice            0%         1d1       90%         3
 Hailstorm                Conj/Ice       0%         3d5       90%         3
 Sigil of Binding         Hex            0%         N/A       90%         3
 Vampiric Draining        Necr           0%         2d6       90%         3
 Cause Fear               Hex            0%         N/A       100%        4
 Dimensional Bullseye     Hex/Tloc       0%         N/A       100%        4
 Martyr's Knell           Necr/Summ      0%         N/A       100%        4
 Curse of Agony           Necr           0%         N/A       100%        5
 Fireball                 Conj/Fire      0%         3d3       100%        5
 Summon Forest            Summ/Tloc      0%         N/A       100%        5
 Summon Mana Viper        Hex/Summ       0%         N/A       100%        5
 Summon Cactus Giant      Summ           0%         N/A       100%        6
 Dragon's Call            Summ           0%         N/A       100%        9


Dungeon Overview and Level Annotations

Branches:
Dungeon (14/15)            Temple (1/1) D:4            Lair (5/5) D:10
  Snake (0/4) Lair:3        Slime (0/5) Lair:4          Orc (1/2) D:11
  Swamp: Lair:2-3    Shoals: Lair:2-3    Vaults: D:13-14

Altars:
Ashenzari
Cheibriados
Dithmenos
Elyvilon
Fedhas
Gozag
Hepliaklqana
Kikubaaqudgha
Makhleb
Nemelex Xobeh
Okawaru
Qazlal
Ru
Sif Muna
Trog
Uskayaw
Vehumet
Wu Jian
Xom
Yredelemnul
Zin
The Shining One
Beogh
Jiyva

Shops:
D:3 *   D:4 (   D:5 !


Innate Abilities, Weirdness & Mutations

Your life essence is reduced to manifest your ancestor. (-10% HP)
You can wield a second weapon in your off-hand.
It takes a long time for you to wield or remove held weapons.
Your first few attacks do less damage.
You cannot equip rings or amulets.
You are robust. (+10% HP)
You have hidden genetic potential.


Message History

* * * LOW HITPOINT WARNING * * *
You feel sick.
It was a potion of heal wounds.
You feel much better.
You feel sick.
Fire: x) +4 hand cannon (freeze) {Huemac}
Press: ? - help, Q - select action, (/) - cycle Shift-Dir - straight line, f - cane toad
Aim: a cane toad (ally target, 78% to hit)
You shoot a slug. The slug hits the cane toad!
The cane toad seems to slow down.
The slug freezes the cane toad.
The cane toad is moderately wounded.
You shoot a sling bullet.
The sling bullet barely misses the cane toad.
Cemuhap avoids your attack.
You feel sick.
Unknown command.
Fire: x) +4 hand cannon (freeze) {Huemac}
Press: ? - help, Q - select action, (/) - cycle Shift-Dir - straight line, f/p - cane toad
Aim: a cane toad (moderately wounded, slow, ally target, 78% to hit)
You shoot a slug.
The slug hits the cane toad but does no damage.
The cane toad is moderately wounded.
You shoot a sling bullet. The sling bullet hits the cane toad!
The sling bullet burns the cane toad.
The cane toad is heavily wounded.
You feel sick. The cane toad stings you!
* * * LOW HITPOINT WARNING * * *
You are lethally poisoned!
The cane toad poisons you!
Unknown command.
Okay, then.
It was a potion of magic.
Magic courses through your body.
* * * LOW HITPOINT WARNING * * *
You feel very sick.
Cemuhap gestures at the cane toad while chanting.
The cane toad appears confused.
Unknown command.
It was a potion of invisibility.
You fade into invisibility!
You die...
Hepliaklqana delivers you to your ancestors.

...#####......^..S..# #..........
.##.##...###.##...>#####.........
#....#..#..........P#P##.........
.#####.#.##.###.....#............
...#÷÷#.#..........'..##.........
.##÷##.#..####.#R...###..........
...#..#....####..#### #####..#.#.
##÷###........#°F.### ######...#
P#...####.##..##@.#P####.####+#.#
.#..###.##.#.#.#.○...#...........
.#.####...#.####..#..#...........
.#..##.#.......#..##.............
P#.#....###..#.#..##.............
##.##.##............#....(.......
..................#P##...........
.....#............####...........
###.######.#.......# ###..##..#.#


You could see the friendly Cemuhap the hexer and a cane toad (confused, unable
to see you, slow, ally target).

Vanquished Creatures
  3 hydras (Lair:4)
  A catoblepas (Lair:5)
  3 two-headed ogres
  2 boulder beetles
  2 death yaks (Lair:4)
  A tengu warrior (D:14)
  A skyshark (Lair:3)
  A swamp dragon (Lair:3)
  Pikel (D:8)
  A manticore (D:11)
  5 elephants
  A gargoyle (D:11)
  2 black mambas
  A torpor snail (Lair:4)
  17 cane toads
  A rime drake (Lair:3)
  An efreet (D:11)
  A kobold demonologist (D:11)
  An unseen horror (D:10)
  10 komodo dragons
  A polar bear (Lair:2)
  A hornet (D:10)
  4 blink frogs (Lair:3)
  5 dream sheep
  Sigmund (D:3)
  4 wyverns
  24 yaks
  A shadow (D:9)
  2 basilisks
  2 wraiths
  A steam dragon (D:10)
  4 vampire mosquitoes (D:11)
  An acid dragon (D:10)
  5 nagas (Lair:3)
  11 water moccasins
  4 orc warriors
  3 sky beasts
  An ice beast (D:6)
  5 ogres
  2 black bears
  7 wolves (Lair:4)
  A crocodile (D:9)
  2 centaurs
  A lemure (D:8)
  2 kobold brigands
  8 bullfrogs
  3 scorpions
  2 gnoll sergeants
  5 wights (D:10)
  7 killer bees
  2 howler monkeys
  A bombardier beetle (D:4)
  4 lava snakes (D:9)
  9 hounds
  2 jellies
  A gnoll bouda (D:6)
  13 orc priests
  A sleepcap (D:8)
  Terence (D:2)
  15 iguanas
  8 orc wizards
  21 gnolls
  6 adders
  An adder zombie (D:2)
  3 dart slugs
  2 ribbon worms (D:2)
  39 orcs
  8 ball pythons
  7 bats
  A bat skeleton (D:2)
  A bat zombie (D:2)
  4 endoplasms
  3 giant cockroaches
  6 goblins
  14 hobgoblins
  4 jackals (D:4)
  20 kobolds
  4 quokkas
  3 training dummies (D:4)
  3 frilled lizards (D:9)
  A jackal zombie (D:2)
  4 rats
388 creatures vanquished.

Vanquished Creatures (collateral kills)
  A catoblepas (Lair:4)
  A hydra (Lair:2)
  A two-headed ogre (D:9)
  2 cane toads
  3 komodo dragons
  A polar bear (Lair:3)
  A hornet (Lair:3)
  A dream sheep (Lair:3)
  A shadow (D:10)
  A wyvern (Lair:2)
  A yak (Lair:3)
  3 water moccasins
  A black bear (D:6)
  A wolf (Lair:4)
  An ogre (D:6)
  2 kobold brigands
  2 bullfrogs
  4 killer bees
  An orc priest (D:8)
  2 orc wizards
  3 gnolls (D:6)
  3 orcs (D:6)
37 creatures vanquished.

Vanquished Creatures (others)
  6 hexers
  2 ancestors (D:6)
8 creatures vanquished.

Grand Total: 433 creatures vanquished

Notes
Turn   | Place    | Note
-------+----------+-------------------------------------------
     0 | D:1      | Biggs the Coglin Hunter began the quest for the Orb.
     0 | D:1      | Reached XP level 1. HP: 16/16 MP: 1/1
   201 | D:1      | Reached skill level 4 in Ranged Weapons
   201 | D:1      | Reached XP level 2. HP: 22/22 MP: 2/2
   562 | D:1      | Reached XP level 3. HP: 27/27 MP: 3/3
   707 | D:2      | Found a snail-covered altar of Cheibriados.
   738 | D:2      | Reached skill level 5 in Ranged Weapons
   738 | D:2      | Reached XP level 4. HP: 33/33 MP: 4/4
  1275 | D:3      | Noticed Sigmund
  1275 | D:3      | Noticed Terence
  1283 | D:2      | Killed Terence
  1284 | D:2      | Reached XP level 5. HP: 25/38 MP: 5/5
  1345 | D:3      | Killed Sigmund
  1346 | D:3      | Reached skill level 6 in Ranged Weapons
  1346 | D:3      | Reached XP level 6. HP: 33/44 MP: 6/6
  1420 | D:3      | Found a stormy altar of Qazlal.
  1675 | D:3      | Found Jeobauwi's Assorted Antiques.
  1677 | D:3      | Reached skill level 1 in Evocations
  1686 | D:3      | Bought a scroll labelled UQEAR MEBA for 27 gold pieces
  1686 | D:3      | Bought a scroll labelled MAKLOE NIJETOK for 27 gold pieces
  1856 | D:3      | Found a glowing silver altar of Zin.
  2022 | D:4      | Found Othevote's Firing Range.
  2270 | D:4      | Found a staircase to the Ecumenical Temple.
  2372 | D:4      | Bought a +0 hand cannon of freezing for 91 gold pieces
  2503 | D:4      | Reached XP level 7. HP: 50/50 MP: 7/7
  2526 | Temple   | Entered the Ecumenical Temple
  2564 | D:4      | Reached skill level 5 in Evocations
  2635 | D:4      | Reached skill level 7 in Ranged Weapons
  2819 | Temple   | Became a worshipper of Hepliaklqana the Forgotten
  2859 | D:5      | Entered Level 5 of the Dungeon
  3042 | D:5      | Reached skill level 8 in Ranged Weapons
  3065 | D:5      | Reached XP level 8. HP: 56/56 MP: 8/8
  3128 | D:5      | Found Gikoitepp's Distillery.
  3419 | D:5      | Reached skill level 9 in Ranged Weapons
  3465 | D:5      | Reached * piety under Hepliaklqana
  3765 | D:6      | Found an iron altar of Okawaru.
  3775 | D:6      | Found a bloodstained altar of Trog.
  3961 | D:6      | Reached skill level 5 in Fighting
  4002 | D:6      | Reached XP level 9. HP: 38/61 MP: 9/9
  4294 | D:6      | Reached skill level 5 in Dodging
  4718 | D:6      | Reached XP level 10. HP: 66/66 MP: 10/10
  4904 | D:6      | Reached ** piety under Hepliaklqana
  5000 | D:6      | Reached skill level 10 in Ranged Weapons
  5148 | D:6      | Remembered your ancestor Cemuhap as a hexer
  5905 | D:8      | Noticed a two-headed ogre
  5909 | D:8      | Killed a two-headed ogre
  5910 | D:8      | Reached skill level 11 in Ranged Weapons
  5961 | D:8      | Found an ornate altar of the Wu Jian Council.
  6010 | D:8      | Found a blossoming altar of Fedhas.
  6190 | D:8      | Noticed Pikel
  6194 | D:8      | Killed Pikel
  6404 | D:9      | Noticed a two-headed ogre
  6407 | D:9      | Killed a two-headed ogre
  6408 | D:9      | Reached skill level 12 in Ranged Weapons
  6408 | D:9      | Reached XP level 11. HP: 71/71 MP: 11/11
  6420 | D:9      | Identified the +6 hand axe of Ad Valorem {freeze, rElec rC+
                  | Int+5 Dex-4}
  6427 | D:9      | Noticed a two-headed ogre
  6432 | D:9      | Killed a two-headed ogre
  6433 | D:9      | Reached skill level 13 in Ranged Weapons
  6538 | D:9      | Reached *** piety under Hepliaklqana
  6600 | D:9      | Found a shimmering altar of Xom.
  6762 | D:10     | Entered Level 10 of the Dungeon
  6762 | D:10     | Found a staircase to the Lair.
  7026 | D:10     | Reached skill level 14 in Ranged Weapons
  7097 | D:10     | Found a glowing golden altar of the Shining One.
  7515 | D:10     | Found a burning altar of Makhleb.
  7515 | D:10     | Noticed a blizzard demon
  7563 | D:11     | Noticed a manticore
  7566 | D:11     | Killed a manticore
  7796 | D:11     | Noticed a boulder beetle
  7812 | D:11     | Killed a boulder beetle
  7846 | D:11     | Reached skill level 15 in Ranged Weapons
  7895 | D:11     | Noticed a two-headed ogre
  7898 | D:11     | Killed a two-headed ogre
  7899 | D:11     | Reached XP level 12. HP: 77/77 MP: 12/12
  7979 | D:11     | You fall into a shaft and drop 3 floors!
  7986 | D:14     | Noticed a tengu warrior
  7994 | D:14     | Killed a tengu warrior
  8002 | D:14     | Noticed a boulder beetle
  8020 | D:14     | Killed a boulder beetle
  8221 | D:11     | Found a staircase to the Orcish Mines.
  8230 | D:11     | Reached **** piety under Hepliaklqana
  8237 | D:11     | Found a roughly hewn altar of Beogh.
  8502 | Orc:1    | Entered Level 1 of the Orcish Mines
  8719 | Lair:1   | Entered Level 1 of the Lair of Beasts
  8779 | Lair:1   | Reached skill level 16 in Ranged Weapons
  9823 | Lair:2   | Identified the +5 spear "Jelly's Regret" {freeze, Int+6
                  | SInv Stlth+}
  9841 | Lair:2   | Reached skill level 17 in Ranged Weapons
  9858 | Lair:2   | Reached XP level 13. HP: 31/81 MP: 13/13
 10178 | Lair:2   | Reached ***** piety under Hepliaklqana
 10807 | Lair:2   | Reached skill level 18 in Ranged Weapons
 11314 | Lair:3   | Found a staircase to the Snake Pit.
 12306 | Lair:4   | Found a viscous altar of Jiyva.
 12306 | Lair:4   | Found a staircase to the Slime Pits.
 12531 | Lair:4   | Reached skill level 10 in Fighting
 12698 | Lair:4   | Reached XP level 14. HP: 96/99 MP: 14/14
 13051 | Lair:5   | Entered Level 5 of the Lair of Beasts
 13062 | Lair:4   | HP: 5/101 [poisoned by a cane toad]
 13063 | Lair:4   | Gained mutation: You have hidden genetic potential. [potion
                  | of mutation]
 13063 | Lair:4   | Gained mutation: You are robust. (+10% HP) [potion of
                  | mutation]
 13067 | Lair:4   | HP: 1/113 [poisoned by a cane toad]
 13068 | Lair:4   | Succumbed to a cane toad's poison

Illustrated notes

Levels and vault maps discovered:
D:1:      wheals_arrival_shading, layout_basic
D:2:      layout_loops_ring, basic_altar, serial_undead, serial_undead_f,
          serial_undead_a, serial_undead_d, serial_undead_a, minmay_box_of_dots
D:3:      layout_rooms, zin_treasury, mainiacjoe_overflow_boulevard,
          serial_shops, nicolae_shop_advertising_works
          [nicolae_subvault_shop_adworks], serial_park_tiny_1,
          amcnicky_mini_corridor_feature, uniq_sigmund, uniq_terence
D:4:      layout_loops_ring, minmay_temple_entry_gardened_gates,
          minmay_misc_feat_nine_boxes, nicolae_shop_firing_range
D:5:      layout_loops_corners, serial_shops, nicolae_shop_real_fake_doors
D:6:      kennysheep_housing_project, layout_basic, okawaru_trees_1,
          trog_ov_bears_minmay, minmay_misc_feat_enclosed
D:7:      layout_basic, mrwooster_statue_mirror
D:8:      layout_basic, nicolae_wu_jian_wuxing_cycle,
          fedhas_bush_and_centaur_altar, uniq_pikel
D:9:      layout_big_octagon, old_standard_altar, minmay_lizard_king
D:10:     layout_small_grid, makhleb_altar_promises_db, tso_metal_star,
          dpeg_lair_monsters, corexii_corridor_pit
D:11:     layout_grid_maze, minmay_orc_entry_temple_small
D:12:     layout_long_grid, serial_bayou_lake_a, uniq_lodul
D:13:     layout_rooms, david_vaults_1, serial_co_window_serial,
          co_window_corner_a, co_window_paths_b, co_window_paths_b,
          co_window_paths_a, co_window_paths_a, co_window_broadway_a,
          co_window_2corner, co_window_corner_b, co_window_of_opportunity_c,
          co_window_cross_3, serial_shops, shop, st_stairs_4, uniq_sonja
D:14:     layout_rooms, chequers_serial_rivers_room_b, uniq_azrael
Temple:   nicolae_temple_bog_church
Lair:1:   layout_layer_cave, lemuel_fruit_tree
Lair:2:   cheibrodos_lair_river_kwai, layout_small_grid,
          small_statue_intersection
Lair:3:   layout_regular_city, mainiacjoe_swamp_entry_lozenge_pond,
          minmay_snake_entry_guardpost_medium, serial_bayou_crossing
Lair:4:   layout_roguey, dpeg_slime_entry_enclosed, minmay_shattered_shrine
Lair:5:   guppyfry_lair_end_dragon, layout_hall_layers, wormcave,
          grunt_megastairs_1, infiniplex_staircase_pool_2
Orc:1:    minmay_goldmine, layout_caves, gammafunk_ghost_berserking_beasts,
          serial_shops, shop, dreamdust_deal_with_the_devil

Skill      XL: |  1  2  3  4  5  6  7  8  9 10 11 12 13 14 |
---------------+-------------------------------------------+-----
Ranged Weapons | 4 5 6 8 9 12 15 17 18 | 18.0
Evocations     | 4 5 |  5.0
Fighting       | 5 10 11 | 11.4
Dodging        | 2 7 |  7.5
Stealth        | |  0.7

Action                     |  1- 3 |  4- 6 |  7- 9 | 10-12 | 13-15 || total
---------------------------+-------+-------+-------+-------+-------++-------
   Fire: Sling             |   104 |   278 |   164 |   429 |   238 ||  1213
         Hand cannon       |       |     6 |   164 |   429 |   238 ||   837
 Invoke: Recall Ancestor   |       |       |     1 |     3 |       ||     4
         Ancestor Life: He |       |       |       |     1 |       ||     1
  Evoke: Wand              |       |       |       |     1 |       ||     1
    Use: Scroll            |       |       |     8 |    11 |     4 ||    23
         Potion            |       |       |       |       |     7 ||     7
 Armour: Leather armour    |     6 |    24 |    38 |    54 |    55 ||   177
  Dodge: Dodged            |     4 |    21 |    38 |    89 |    27 ||   179

Table legend: (Time is in decaauts)
 A = Elapsed time spent in this place.
 B = Non-inter-level travel time spent in this place.
 C = Inter-level travel time spent in this place.
 D = Time resting spent in this place.
 E = Time spent auto-exploring this place.
 F = Levels seen in this place.
 G = Mean time per level.
                   A        B        C        D        E       F      G
               +--------+--------+--------+--------+--------+-----+--------+
         Total |  13142 |  12355 |    787 |    601 |   9901 |  21 |  625.8 |
       Dungeon |   8776 |   8125 |    651 |    303 |   6504 |  14 |  626.9 |
        Temple |     29 |      4 |     25 |      0 |      0 |   1 |   29.0 |
          Lair |   4327 |   4217 |    110 |    298 |   3396 |   5 |  865.4 |
  Orcish Mines |      8 |      8 |      0 |      0 |      0 |   1 |    8.0 |
               +--------+--------+--------+--------+--------+-----+--------+

Top non-repeatable levels by time:
     D:6: 1518 daAuts
  Lair:2: 1295 daAuts
  Lair:3: 1105 daAuts
  Lair:1: 1041 daAuts
     D:5: 1028 daAuts
    D:11: 989 daAuts
  Lair:4: 880 daAuts
     D:4: 871 daAuts
    D:10: 836 daAuts
     D:2: 682 daAuts
     D:1: 668 daAuts
     D:3: 644 daAuts
     D:8: 543 daAuts
     D:7: 514 daAuts
     D:9: 360 daAuts
